AoeStats
← 859

African Clearing

510527760Analyzed
4v4 RM · 1d ago on Oct 1, 2026· 55m 20s· 8 players
Game mode
Random Map
Map size
Large (8 player)
Population
200
Speed
Normal
Resources
Standard
Victory
Conquest
Starting age
Dark Age
Ending age
Imperial Age
RankedLock teamsTeams togetherTeam positionsShared explorationLock speedFull tech treeHidden civsTurbo modeCheats
Victory
Defeat
🇨🇳 Vietnamese · China
1499
+8
🇨🇳 Khmer · China
1479
+9
🇨🇳 Franks · China
1289
+16
🇨🇳 Khitans · China
1256
+16
🇨🇳 Varangians · China
1334
-14
🇩🇪 Saxons · Germany
1327
-13
🇮🇳 Magyars · India
1265
-11
🇮🇳 Spanish · India
1264
-11
NUR
9:52 Loom
12:01 Feudal Age
14:55 Bloodlines
15:07 Horse Collar
17:25 Double-Bit Axe
25:53 Castle Age
24:39 Scale Barding Armor
25:54 Light Cavalry
27:10 Chain Barding Armor
26:59 Husbandry
29:14 Heavy Plow
30:32 Town Watch
37:45 Wheelbarrow
38:39 Bow Saw
43:01 Imperial Age
40:47 Hand Cart
41:03 Masonry
40:45 Fletching
42:30 Ballistics
42:57 Gold Mining
43:04 Cavalier
44:25 Plate Barding Armor
47:08 Scale Mail Armor
46:30 Hussar
47:20 Pikeman
48:02 Halberdier
50:16 Chain Mail Armor
51:20 Chemistry
51:24 Crop Rotation
52:10 Gold Shaft Mining
52:16 Bodkin Arrow
53:13 Paladin
moneyfusion06
6:44 Loom
13:31 Feudal Age
15:25 Stone Mining
17:49 Castle Age
16:26 Double-Bit Axe
17:50 Gold Mining
18:37 Padded Archer Armor
19:25 Horse Collar
25:39 Husbandry
33:25 Town Watch
35:52 Fletching
36:17 Leather Archer Armor
36:38 Heavy Plow
41:22 Imperial Age
39:37 Wheelbarrow
39:35 Scale Barding Armor
40:21 Forging
40:25 Bloodlines
41:19 Chain Barding Armor
41:16 Fortified Wall
41:52 Iron Casting
41:26 Cavalier
42:43 Plate Barding Armor
43:57 Inquisition
46:56 Stone Shaft Mining
47:15 Fervor
49:31 Supremacy
48:41 Paladin
51:35 Light Cavalry
54:15 Ballistics
54:58 Chemistry
zensuuur
8:26 Loom
12:50 Feudal Age
14:23 Double-Bit Axe
16:57 Castle Age
18:01 Bow Saw
18:47 Horse Collar
25:53 Town Watch
27:22 Fletching
29:34 Bodkin Arrow
30:49 Padded Archer Armor
31:54 Padded Archer Armor
32:59 Bloodlines
32:50 Husbandry
35:32 Thumb Ring
39:54 Imperial Age
38:00 Wheelbarrow
37:12 Pikeman
39:08 Thumb Ring
39:24 Elite Skirmisher
39:58 Cranequins
40:45 Bracer
43:58 Squires
43:59 Scale Mail Armor
44:09 Forging
44:15 Leather Archer Armor
45:45 Chemistry
47:08 Ring Archer Armor
47:50 Halberdier
48:51 Arson
49:22 Chain Mail Armor
52:29 Conscription
51:31 Shield Wall
54:24 Ballistics
54:51 Plate Mail Armor
54:53 Onager
斩三江过五湖
3:28 Loom
13:16 Feudal Age
13:54 Double-Bit Axe
21:57 Horse Collar
24:53 Castle Age
24:36 Forging
24:27 Scale Mail Armor
26:23 Bow Saw
42:21 Wheelbarrow
47:51 Gold Mining
47:51 Stone Mining
48:50 Hand Cart
48:20 Town Watch
52:42 Stone Shaft Mining
55:48 Imperial Age
54:03 Chain Mail Armor
55:03 Iron Casting
859
3:57 Loom
15:50 Feudal Age
20:55 Castle Age
20:12 Double-Bit Axe
21:37 Wheelbarrow
21:55 Husbandry
22:08 Scale Barding Armor
22:16 Forging
22:36 Bow Saw
27:33 Chain Barding Armor
31:49 Fletching
No
10:12 Loom
12:22 Feudal Age
13:19 Double-Bit Axe
15:50 Scale Barding Armor
15:55 Forging
27:37 Castle Age
26:24 Gold Mining
29:48 Horse Collar
31:01 Bow Saw
36:43 Wheelbarrow
41:03 Imperial Age
45:18 Stone Mining
45:44 Heavy Plow
47:43 Stone Shaft Mining
48:25 Hand Cart
48:25 Elite Ballista Elephant
50:02 Double Crossbow
50:55 Conscription
54:20 Ballistics
55:01 Chemistry
54:25 Ballistics
860
5:59 Loom
11:12 Feudal Age
11:49 Double-Bit Axe
16:34 Forging
17:09 Scale Barding Armor
17:45 Domestication
23:49 Castle Age
24:35 Husbandry
23:55 Light Cavalry
25:33 Chain Barding Armor
27:21 Iron Casting
27:32 Pastoralism
29:14 Fletching
40:27 Imperial Age
38:58 Bow Saw
39:41 Bodkin Arrow
40:53 Wheelbarrow
42:29 Two-Man Saw
42:04 Heavy Camel Rider
43:18 Conscription
44:01 Hand Cart
43:31 Town Watch
44:18 Transhumance
45:29 Plate Barding Armor
44:55 Bracer
44:17 Hussar
46:46 Gold Mining
46:47 Stone Mining
47:37 Elite Steppe Lancer
49:43 Ordo Cavalry
51:20 Stone Shaft Mining
51:11 Lamellar Armor
51:08 Elite Liao Dao
55:04 Scale Mail Armor
93老玩家回归
10:52 Loom
13:06 Feudal Age
14:52 Double-Bit Axe
19:17 Castle Age
18:56 Fishing Lines
21:42 Wheelbarrow
21:24 Bow Saw
26:01 Gillnets
27:14 Hand Cart
27:11 Gold Mining
27:13 Stone Mining
31:40 Imperial Age
29:09 Town Watch
30:13 Ballistics
29:34 Treadmill Crane
29:52 Fletching
30:02 Padded Archer Armor
31:51 Bodkin Arrow
32:15 Leather Archer Armor
31:48 Crossbowman
32:36 Thumb Ring
33:42 Stone Shaft Mining
33:05 Arbalester
34:30 Bracer
35:04 Ring Archer Armor
36:32 Chemistry
35:38 Siege Engineers
35:44 Masonry
37:57 Scale Barding Armor
38:03 Forging
38:09 Forging
38:45 Husbandry
38:56 Bloodlines
39:24 Chain Barding Armor
39:42 Iron Casting
38:46 Elite Battle Elephant
44:02 Bombard Tower
46:08 Chatras
50:02 Plate Barding Armor
49:42 Masonry
49:49 Horse Collar
Connection lost

Rejoining the realm…

Still unreachable

The connection could not be restored.

Session expired

The server has moved on; the page needs a fresh start.